 Dungeon Crawl Stone Soup version 0.28.0-47-ge53b351184 (webtiles) character file.

Game seed: 5354728939862271722

5031 CryoSword the Geomancer (level 10, 0/56 HPs)
             Began as a Gargoyle Earth Elementalist on May 7, 2022.
             Was a Follower of the Shining One.
             Slain by a warg (2 damage)
             ... on level 9 of the Dungeon.
             The game lasted 00:13:43 (10283 turns).

CryoSword the Geomancer (GrEE)                     Turns: 10283, Time: 00:13:44

Health: 0/56       AC: 17    Str: 15    XL:     10   Next: 55%
Magic:  8/14       EV: 10    Int: 24    God:    the Shining One [*.....]
Gold:   576        SH: 15    Dex: 10    Spells: 5/15 levels left

rFire   . . .      SeeInvis .   x - +1 whip (elec)
rCold   + . .      Faith    .   B - +0 kite shield
rNeg    + . .      Spirit   .   p - +1 leather armour of Icuaq {Str+3 Int+4}
rPois   ∞          Reflect  .   A - +2 helmet
rElec   +          Harm     .   r - +0 cloak {rPois}
rCorr   .          Rampage  .   m - +0 pair of gloves
Will    .....                   q - +0 pair of boots
Stlth   +.........              (no amulet)
HPRegen 0.18/turn               s - ring of protection from cold
MPRegen 0.14/turn               (no ring)

@: divinely shielded, attractive, glowing
A: sickness immunity, AC +7, negative energy resistance 1, electricity
resistance, torment resistance 1, petrification resistance
a: Renounce Religion, Divine Shield


You were on level 9 of the Dungeon.
You worshipped the Shining One.
The Shining One was aware of your devotion.
You visited 1 branch of the dungeon, and saw 9 of its levels.

You collected 576 gold pieces.

Inventory:

Hand Weapons
 x - a +1 whip of electrocution (weapon)
   (You found it on level 6 of the Dungeon)
Missiles
 c - 197 stones
 h - 4 atropa-tipped darts (quivered)
 v - 25 poisoned darts
 w - 6 boomerangs
Armour
 m - a +0 pair of gloves (worn)
   (You found it on level 6 of the Dungeon)
 p - the +1 leather armour of Icuaq (worn) {Str+3 Int+4}
   (You found it on level 6 of the Dungeon)

   Str:       It affects your strength (+3).
   Int:       It affects your intelligence (+4).
 q - a +0 pair of boots (worn)
   (You found it on level 4 of the Dungeon)
 r - a +0 cloak of poison resistance (worn)
   (You took it off Crazy Yiuf on level 4 of the Dungeon)
 A - a +2 helmet (worn)
   (You found it on level 7 of the Dungeon)
 B - a +0 kite shield (worn)
   (You took it off a gnoll sergeant on level 8 of the Dungeon)
 D - +0 ice dragon scales
   (You found it on level 9 of the Dungeon)
Jewellery
 s - a ring of protection from cold (left hand)
   (You found it on level 5 of the Dungeon)
Wands
 n - a wand of mindburst (16)
   (You took it off Maurice on level 8 of the Dungeon)
 C - a wand of flame (31)
   (You found it on level 8 of the Dungeon)
Scrolls
 a - a scroll of magic mapping {unknown}
 b - 2 scrolls of amnesia {unknown}
 f - 6 scrolls of teleportation {@r4}
 j - 3 scrolls of fog
 l - 2 scrolls of immolation {unknown}
 o - a scroll of blinking {unknown}
 t - 2 scrolls of fear {unknown}
 u - 3 scrolls of enchant weapon {unknown}
 y - 7 scrolls of identify {@r1}
Potions
 d - 3 potions of flight
 e - a potion of heal wounds {unknown}
 g - a potion of attraction {!q}
 i - 3 potions of curing {@q1}
 k - 3 potions of brilliance
 z - a potion of mutation {unknown}


   Skills:
 + Level 3.5 Fighting
 * Level 7.3 Maces & Flails
 - Level 1.5 Dodging
 + Level 2.3 Stealth
 + Level 6.0 Shields
 - Level 3.0 Spellcasting
 * Level 8.7 Conjurations
 - Level 0.7 Transmutations
 * Level 10.1 Earth Magic
 + Level 0.4 Invocations


You had 5 spell levels left.
You knew the following spells:

 Your Spells              Type           Power      Damage    Failure   Level
a - Sandblast             Erth           100%       2d20      1%          1
b - Stone Arrow           Conj/Erth      96%        3d13      2%          3
c - Petrify               Tmut/Erth      29%        N/A       36%         4
P - Passwall              Tmut/Erth      24%        N/A       6%          2

Your spell library contained the following spells:

 Spells                   Type           Power      Damage    Failure   Level
 Lee's Rapid Deconstruct  Erth           25%        3d15*     16%         5
 Dazzling Flash           Conj/Hex       48%        N/A       19%         3
 Animate Armour           Summ/Erth      54%        N/A       43%         4
 Ensorcelled Hibernation  Hex/Ice        6%         N/A       50%         2
 Flame Wave               Conj/Fire      24%        2d7       52%         4
 Fulminant Prism          Conj/Hex       12%        3d9       52%         4
 Iskenderun's Mystic Bla  Conj/Tloc      24%        2d7       52%         4
 Sticky Flame             Conj/Fire      24%        2d5       52%         4
 Swiftness                Air            3%         N/A       73%         3
 Freezing Cloud           Conj/Ice/Air   8%         6-21      97%         5
 Summon Ice Beast         Ice/Summ       3%         N/A       98%         4
 Metabolic Englaciation   Hex/Ice        1%         N/A       100%        5
 Iron Shot                Conj/Erth      24%        9d5       75%         6


Dungeon Overview and Level Annotations

Branches:
Dungeon (9/15)             Temple (0/1) D:7            Lair (0/6) D:9
    Orc: D:9-12

Altars:
Gozag
Hepliaklqana
Sif Muna
Uskayaw
Vehumet
The Shining One

Annotations:
D:3 2 transporters, Eitelfritz's ghost, amateur DsNe
D:9 Harold


Innate Abilities, Weirdness & Mutations

You are immune to sickness and miasma.
Your stone body is resilient. (AC +7)
You are immune to poison.
You resist negative energy. (rN+)
You are resistant to electric shocks. (rElec)
You are resistant to unholy torment.
You are immune to petrification.


Message History

c - 207 stones You block the killer bee's attack. x2
Aim: a killer bee (haloed, 74% to hit)
The blast of sand hits the killer bee!
You kill the killer bee!
c - 206 stones You don't have enough magic to cast this spell.
You hit the yak. The yak gores you but does no damage.
You hit the yak but do no damage. You block the yak's attack.
You barely miss the yak. You block the yak's attack.
You barely miss the yak. You block the yak's attack.
You hit the yak. You block the yak's attack.
Aim: a yak (heavily wounded, haloed, 92% to hit)
The blast of sand hits the yak!
c - 205 stones The yak gores you.
* * * LOW HITPOINT WARNING * * *
You hit the yak but do no damage. You block the yak's attack.
You hit the yak. You hit the yak but do no damage.
Lightning courses through the yak!
You kill the yak!
Your Earth Magic skill increases to level 10!
You start resting.
Your divine shield fades away.
You start resting.
You start resting.
j - 4 scrolls of fog (gained 1)
y - 7 scrolls of identify {@r1} (gained 1)
You see here a yak skeleton.
You see here a yak skeleton.
You see here a +0 quarterstaff.
Found a stone staircase leading down.
There is a stone staircase leading down here.
You see here a yak skeleton.
Could not explore, unopened door.
Could not explore, unopened door.
Could not explore, unopened door.
You open the door.
There is an open door here.
You open the door.
A shadow comes into view.
A shadow is nearby!
A shadow is nearby!
The shadow slips into darkness.
The shadow flickers and vanishes!
Deactivating autopickup; reactivate with Ctrl-A.
There is an open door here.
No target in view!
There is a strange disturbance nearby!
Aim: a shadow (slightly transparent, haloed, 87% to hit)
The blast of sand hits the shadow!
c - 204 stones The shadow barely misses you.
Aim: a shadow (heavily damaged, slightly transparent, haloed, 87% to hit)
The blast of sand hits the shadow!
c - 203 stones The shadow hits you.
Aim: a shadow (severely damaged, haloed, 87% to hit)
The blast of sand misses the shadow.
c - 202 stones The shadow slips into darkness.
The shadow flickers and vanishes for a moment.
Aim: a shadow (severely damaged, slightly transparent, haloed, 87% to hit)
The blast of sand hits the shadow!
You destroy the shadow!
The Shining One accepts your kill.
You feel your power returning.
Reactivating autopickup.
c - 201 stones Unknown command.
There is an open door here.
There is an open door here.
An orc wizard and an orc priest come into view.
The orc priest is wielding a +2 whip of electrocution.
There are monsters nearby!
There are monsters nearby!
A warg and an orc priest come into view.
The warg howls!
The orc priest shouts!
You hear a shout! x2
An orc priest comes into view.
It is wielding a +0 flail. 2 orcs come into view.
The orc shouts! x2
An orc warrior comes into view. It is wielding a +0 mace.
A warg, an orc warrior and an orc priest come into view.
Found a staircase to the Lair.
The orc warrior shouts! x2; The orc priest shouts!
The warg pauses to sniff the ground.
An orc priest comes into view. It is wielding a +0 hand axe.
The orc wizard casts a spell at you. The magic dart hits you!
Aim: an orc wizard, wielding a +0 dagger and wearing a +0 robe (haloed, 84% to hit)
The blast of sand hits the orc wizard!
You kill the orc wizard!
c - 200 stones The orc priest shouts!
You hear a shout!
The warg barely misses you. You block the orc priest's attack.
An orc priest comes into view. It is wielding a +0 dagger.
Aim: a warg (haloed, 84% to hit)
The blast of sand hits the warg but does no damage.
c - 199 stones The warg bites you but does no damage.
You block the orc priest's attack. The orc priest barely misses you.
The orc priest casts a cantrip, but nothing happens.
Aim: a warg (haloed, 84% to hit)
The blast of sand hits the warg!!
c - 198 stones An orc comes into view. It is wielding a +0 short sword.
The warg barely misses you. You block the orc priest's attack.
The orc priest hits you but does no damage.
The orc moves out of view.
An orc wizard comes into view. It is wielding a +0 dagger of freezing.
Aim: a warg (severely wounded, haloed, 84% to hit)
The blast of sand hits the warg!!
You kill the warg!
c - 197 stones The orc wizard shouts!
The orc priest invokes the aid of Beogh against you.
Beogh smites you! The orc priest barely misses you.
The orc priest calls down the wrath of Beogh upon you.
Pain shoots through your body! The orc priest closely misses you.
The warg bites you but does no damage. The warg bites you but does no damage.
The orc priest invokes the aid of Beogh against you.
Beogh smites you!
The orc priest calls down the wrath of Beogh upon you.
Beogh smites you!
* * * LOW HITPOINT WARNING * * *
The orc priest looks satisfied for a moment.
The orc priest miscasts a cantrip.
The orc priest invokes the aid of Beogh against you.
Beogh smites you!
* * * LOW HITPOINT WARNING * * *
The orc priest looks encouraged for a moment.
Your shield is strengthened by the Shining One's divine power.
The warg bites you but does no damage.
The orc priest looks braver for a moment.
You block the warg's attack.
As you read the scroll of fog, it crumbles to dust.
The scroll dissolves into smoke.
The orc wizard casts a spell.
The orc wizard flickers and vanishes!
Deactivating autopickup; reactivate with Ctrl-A.
The warg bites you.
* * * LOW HITPOINT WARNING * * *
It was a potion of attraction.
You feel attractive to monsters. The warg bites you but does no damage.
The orc warrior barely misses you.
The orc priest is attracted toward you. x2; Something is attracted toward you.
The orc priest is attracted toward you. The orc is attracted toward you. x2
The warg bites you.
You die...

#.....# #.#.....#..##Y# #.#
####### #.#.....##.##.# #.#
#.#.....##.##.# #.#
#.#.....##..#<###.#
#.##.######.###..Y. #
########.##.# #.###.#.# ..
.......§....# #..##.#.#
...####...§§§##########.##.#.#
..... #...§oh@§.##.........#.#
....o.#.o.§oo##'##.####.##....
..o..o§oo..§o#...#.# #..#....
>....o§o.§oo§#...#.# ##.#....
........o....#.....# #.#....
......#......#...### #......
.....##......#...# ##.....
...## ########...# #..... ...
##### #.##.#


You could see a warg, 2 orc warriors and 2 orc priests.

Vanquished Creatures
  Pikel (D:8)
  Maurice (D:8)
  A troll (D:9)
  A hornet (D:5)
  A shadow (D:9)
  A hog (shapeshifter) (D:8)
  A wyvern (D:8)
  4 yaks (D:9)
  Edmund (D:6)
  A warg (D:9)
  2 water moccasins
  An ice beast (D:5)
  A sky beast (D:8)
  A hornet zombie (D:8)
  A necrophage (D:6)
  An ogre (D:4)
  3 centaurs
  2 phantoms
  2 kobold brigands
  3 bullfrogs
  A wyvern zombie (D:8)
  3 scorpions
  A gnoll sergeant (D:8)
  4 killer bees (D:9)
  2 centaur zombies
  2 orc priests (D:7)
  Crazy Yiuf (D:4)
  A centaur skeleton (D:4)
  3 gnoll shamans
  Jessica (D:2)
  2 iguanas
  4 orc wizards
  2 howler monkey zombies
  3 adders
  15 gnolls
  2 shadow imps
  2 white imps (D:7)
  An ufetubus (D:6)
  An adder zombie (D:5)
  3 dart slugs
  7 orcs
  11 ball pythons
  2 endoplasms (D:2)
  7 giant cockroaches
  6 goblins
  10 hobgoblins
  4 jackals (D:5)
  8 kobolds
  4 quokkas
  3 bats
  3 frilled lizards
  8 rats
157 creatures vanquished.

Vanquished Creatures (others)
  3 plants (D:4)
3 creatures vanquished.

Grand Total: 160 creatures vanquished

Notes
Turn   | Place    | Note
-------+----------+-------------------------------------------
     0 | D:1      | CryoSword the Gargoyle Earth Elementalist began the quest
                  | for the Orb.
     0 | D:1      | Reached XP level 1. HP: 10/10 MP: 3/3
    74 | D:1      | Reached skill level 1 in Conjurations
    74 | D:1      | Reached XP level 2. HP: 13/15 MP: 0/5
    93 | D:1      | Reached skill level 4 in Earth Magic
   705 | D:1      | Reached XP level 3. HP: 15/19 MP: 6/6
  1130 | D:2      | Got Axuliawn's Tome of Conjuration
  1164 | D:2      | Learned a level 2 spell: Passwall
  1168 | D:2      | Learned a level 3 spell: Stone Arrow
  1924 | D:2      | Noticed Jessica
  1927 | D:2      | Killed Jessica
  1928 | D:2      | Reached skill level 1 in Maces & Flails
  1928 | D:2      | Reached XP level 4. HP: 24/24 MP: 4/7
  2461 | D:3      | Noticed a kobold brigand
  2471 | D:3      | Found a transporter.
  2528 | D:3      | Found a faded altar of an unknown god.
  2653 | D:3      | Noticed a small abomination
  3054 | D:3      | Found a transporter.
  3054 | D:3      | Noticed Eitelfritz's ghost (amateur DsNe)
  3139 | D:4      | Reached skill level 5 in Earth Magic
  3395 | D:4      | Reached XP level 5. HP: 19/28 MP: 8/8
  3921 | D:4      | Noticed a phantom
  3925 | D:4      | Killed a phantom
  3926 | D:4      | Reached skill level 1 in Shields
  3926 | D:4      | Reached XP level 6. HP: 24/32 MP: 4/9
  4125 | D:4      | Found a runed translucent door.
  4126 | D:4      | Noticed Crazy Yiuf
  4285 | D:4      | Killed Crazy Yiuf
  4350 | D:5      | Entered Level 5 of the Dungeon
  4395 | D:5      | Reached XP level 7. HP: 28/36 MP: 3/10
  4397 | D:5      | Reached skill level 6 in Earth Magic
  5278 | D:5      | Reached XP level 8. HP: 37/41 MP: 11/11
  5464 | D:5      | Noticed a hornet
  5477 | D:5      | Killed a hornet
  5478 | D:5      | Reached skill level 5 in Conjurations
  5483 | D:5      | Learned a level 4 spell: Petrify
  5722 | D:5      | Reached skill level 5 in Shields
  5839 | D:6      | You fall into a shaft and drop 3 floors!
  5853 | D:9      | Noticed Harold
  5912 | D:9      | Reached skill level 7 in Earth Magic
  6109 | D:9      | Noticed a yak
  6109 | D:9      | Noticed a yak
  6121 | D:9      | Noticed a troll
  6129 | D:8      | Noticed Pikel
  6129 | D:8      | Found a hazy altar of Hepliaklqana.
  6129 | D:8      | Found a shimmering blue altar of Sif Muna.
  6133 | D:8      | Found a radiant altar of Vehumet.
  6133 | D:8      | Found a glowing golden altar of the Shining One.
  6133 | D:8      | Found an opulent altar of Gozag.
  6134 | D:8      | Found a hide-covered altar of Uskayaw.
  6141 | D:8      | Became a worshipper of the Shining One
  6152 | D:8      | Killed Pikel
  6248 | D:7      | Reached XP level 9. HP: 37/45 MP: 9/12
  6254 | D:7      | Reached skill level 5 in Maces & Flails
  6809 | D:6      | Reached skill level 8 in Earth Magic
  6855 | D:6      | Got the Collected Works on Ashen Cold
  7032 | D:6      | Reached * piety under the Shining One
  7043 | D:6      | Identified the +1 leather armour of Icuaq {Str+3 Int+4}
  7155 | D:6      | Noticed Edmund
  7161 | D:6      | Killed Edmund
  7438 | D:6      | Reached skill level 1 in Fighting
  7946 | D:7      | Found a staircase to the Ecumenical Temple.
  8167 | D:8      | Noticed Maurice
  8703 | D:8      | Killed Maurice
  8704 | D:8      | Reached skill level 9 in Earth Magic
  8704 | D:8      | Reached XP level 10. HP: 32/54 MP: 0/14
  9912 | D:9      | Reached skill level 10 in Earth Magic
 10270 | D:9      | Found a staircase to the Lair.
 10281 | D:9      | HP: 2/56 [warg (4)]
 10283 | D:9      | Slain by a warg

Illustrated notes

Levels and vault maps discovered:
D:1:      amcnicky_arrival_gap_in_the_tavern_cellar, layout_rooms
D:2:      layout_basic, uniq_jessica
D:3:      layout_loops_cross, ebering_ecumenical_altar_box,
          gammafunk_ghost_abyssal_escape, wander_ebering_terrifying_dragon_lair
D:4:      layout_cave_pools, serial_bayou, serial_bayou_lagoon_a,
          serial_bayou_pond_d, serial_bayou_lake_a, serial_bayou_pond_c,
          minmay_misc_feat_plants, minmay_between, uniq_crazy_yiuf_cottage
D:5:      layout_basic
D:6:      layout_basic, uniq_edmund
D:7:      layout_basic, temple_doors_e, minmay_starry_boxes
D:8:      layout_cave_pools, minitemple, uniq_pikel, uniq_maurice
D:9:      layout_basic, erik_lair_orcish_takeover, uniq_harold

Skill      XL: |  1  2  3  4  5  6  7  8  9 10 |
---------------+-------------------------------+-----
Conjurations   | 1 2 3 4 6 7 8 |  8.7
Earth Magic    | 4 5 6 7 9 10 | 10.1
Maces & Flails | 1 2 3 4 6 7 |  7.3
Shields        | 1 2 4 6 |  6.0
Fighting       | 2 3 |  3.5
Spellcasting   | 3 |  3.0
Dodging        | |  1.5
Stealth        | |  2.3
Transmutations | |  0.7
Invocations    | |  0.4

Action                   |  1- 3 |  4- 6 |  7- 9 | 10-12 || total
-------------------------+-------+-------+-------+-------++-------
Melee: Unarmed           |     4 |       |       |       ||     4
       Dagger            |    72 |       |       |       ||    72
       Club              |    46 |    45 |       |       ||    91
       Punch             |     1 |       |       |       ||     1
       Mace              |       |    26 |    50 |       ||    76
       Whip              |       |       |   103 |    34 ||   137
Throw: Dart              |       |     1 |     4 |       ||     5
 Cast: Sandblast         |    23 |    39 |    92 |    44 ||   198
       Stone Arrow       |       |       |    11 |       ||    11
Invok: Divine Shield     |       |       |     1 |     2 ||     3
  Use: Scroll            |       |     4 |     2 |     1 ||     7
       Potion            |       |       |     2 |     1 ||     3
 Stab: Sleeping          |     2 |     1 |       |       ||     3
Armor: Robe              |    61 |    41 |    50 |       ||   152
       Leather armour    |       |       |    26 |    51 ||    77
Dodge: Dodged            |   113 |    71 |   105 |    35 ||   324
Block: Buckler           |       |     1 |    54 |       ||    55
       Kite shield       |       |       |     6 |    48 ||    54
